 Dungeon Crawl Stone Soup version 0.29.1-2-gbd0b4ee654 (webtiles) character file.

Game seed: 13690415894797270887

208 zeram the Covered (level 5, -2/33 HPs)
             Began as a Gargoyle Fighter on Nov 3, 2022.
             Slain by an orc wizard
             ... wielding a +0 dagger
              (3 damage)
             ... on level 3 of the Dungeon.
             The game lasted 00:06:54 (4194 turns).

zeram the Covered (Gargoyle Fighter)                Turns: 4194, Time: 00:06:54

Health: -2/33      AC: 14    Str: 22    XL:     5   Next: 86%
Magic:  5/5        EV:  9    Int:  8    God:
Gold:   173        SH:  4    Dex:  9    Spells: 4/4 levels left

rFire   . . .      SeeInvis .   j - +0 hammer
rCold   . . .      Faith    .   c - +0 buckler
rNeg    + . .      Spirit   .   b - +0 scale mail
rPois   ∞          Reflect  .   (no helmet)
rElec   +          Harm     .   o - +2 cloak
rCorr   .          Rampage  .   (no gloves)
Will    .....                   (no boots)
Stlth   ..........              (no amulet)
HPRegen 0.11/turn               (no ring)
MPRegen 0.09/turn               (no ring)

@: mighty
A: sickness immunity, AC +4, negative energy resistance 1, electricity
resistance, torment resistance 1, petrification resistance
a: no special abilities


You were on level 3 of the Dungeon.
You visited 1 branch of the dungeon, and saw 4 of its levels.

You collected 173 gold pieces.

Inventory:

Hand Weapons
 a - a +0 flail
 j - a +0 hammer (weapon)
Armour
 b - a +0 scale mail (worn)
 c - a +0 buckler (worn)
 f - a +0 cloak
 o - a +2 cloak (worn)
Jewellery
 q - an amulet of regeneration
Scrolls
 k - 2 scrolls of immolation {unknown}
 m - 2 scrolls of summoning {unknown}
 n - a scroll of fear {unknown}
 r - a scroll of amnesia {unknown}
 u - a scroll of enchant armour {unknown}
Potions
 d - a potion of might
 g - 2 potions of attraction
 h - a potion of degeneration
 i - 2 potions of mutation
 l - a potion of heal wounds {unknown}
 p - a potion of magic {unknown}
 v - a potion of haste {unknown}


   Skills:
 + Level 3.9 Fighting
 + Level 3.6 Maces & Flails
 + Level 4.3 Armour
 + Level 1.7 Dodging
 + Level 3.9 Shields


You had 4 spell levels left.
You didn't know any spells.
Your spell library contained the following spells:

 Spells                   Type           Power      Damage    Failure   Level
 Necrotise                Necr           0%         1d4       82%         1
 Summon Guardian Golem    Hex/Summ       0%         N/A       99%         3
 Vampiric Draining        Necr           0%         2d6       99%         3
 Agony                    Necr           0%         N/A       100%        5
 Orb of Destruction       Conj           0%         9d5       100%        7
 Spellforged Servitor     Conj/Summ      0%         N/A       100%        7


Dungeon Overview and Level Annotations

Branches:
Dungeon (4/15)
 Temple: D:4-7

Altars:
Elyvilon
Kikubaaqudgha
Makhleb
Qazlal
Uskayaw
Wu Jian
Zin

Shops:
D:2 [([?(


Innate Abilities, Weirdness & Mutations

You are immune to sickness and miasma.
Your stone body is resilient. (AC +4)
You are immune to poison.
You resist negative energy. (rN+)
You are resistant to electric shocks. (rElec)
You are resistant to unholy torment.
You are immune to petrification.


Message History

The orc priest looks braver for a moment.
The orc wizard hits you with a +0 dagger.
In your confused state, you trip and fall back down the stairs.
The orc closely misses you. The orc wizard closely misses you.
Unknown command.
The orc closely misses you. The orc priest hits you with a +0 club.
The orc wizard gestures at you while chanting.
The magic dart hits you but does no damage.
You climb upwards.
There is a stone staircase leading down here.
Unknown command.
You feel very mighty all of a sudden.
You feel less confused.
The orc hits you with a +1 flail of protection.
The orc wizard hits you but does no damage.
The orc priest closely misses you.
You closely miss the orc priest.
The orc hits you with a +1 flail of protection.
The orc wizard hits you with a +0 dagger.
The orc priest calls down the wrath of Beogh upon you.
Beogh smites you!
* * * LOW HITPOINT WARNING * * *
You feel better. The orc hits you but does no damage.
The orc wizard hits you but does no damage.
The orc priest invokes the aid of Beogh against you.
Pain shoots through your body!
* * * LOW HITPOINT WARNING * * *
You hit the orc priest.
The orc priest is heavily wounded.
The orc closely misses you.
The orc wizard hits you but does no damage.
The orc priest hits you but does no damage.
You hit the orc priest.
The orc priest is severely wounded.
The orc hits you but does no damage.
The orc wizard hits you but does no damage.
The orc priest closely misses you.
The orc hits you with a +1 flail of protection!
* * * LOW HITPOINT WARNING * * *
The orc wizard hits you with a +0 dagger.
You die...

########### ###
#.........# ##.##
##.##..o##.# ##.#.##
#.......@o.######.###.##
#..##..o#......<.## ##.#
#..###..........#.###.##
#######..#
#####.##...##.#.##
#........# #.###.####.##
#.#####..# #.# #.# #.#
#.# #..#######.###.# #.#
#.#
#...........##>####.#####
#.#
#...........##...........


You could see an orc priest, an orc wizard and an orc.

Vanquished Creatures
  A hound (D:4)
  Crazy Yiuf (D:2)
  6 adders
  A worm (D:3)
  3 dart slugs
  3 orcs
  3 ball pythons
  9 endoplasms
  2 giant cockroaches (D:2)
  8 hobgoblins
  11 jackals
  4 kobolds
  3 quokkas
  5 bats
  5 frilled lizards
  9 goblins
  4 rats
78 creatures vanquished.

Vanquished Creatures (others)
  A demonic plant (D:1)
  2 fungi (D:1)
  2 plants (D:2)
5 creatures vanquished.

Grand Total: 83 creatures vanquished

Notes
Turn   | Place    | Note
-------+----------+-------------------------------------------
     0 | D:1      | zeram the Gargoyle Fighter began the quest for the Orb.
     0 | D:1      | Reached XP level 1. HP: 14/14 MP: 1/1
   127 | D:1      | Reached XP level 2. HP: 13/19 MP: 2/2
   384 | D:1      | Found a faded altar of an unknown god.
   770 | D:1      | Reached XP level 3. HP: 23/23 MP: 3/3
  1241 | D:2      | Found Loudiv's Armour Shoppe.
  1251 | D:2      | Found Naruchau's Weapon Shoppe.
  1523 | D:2      | Reached XP level 4. HP: 28/28 MP: 4/4
  1535 | D:2      | Reached skill level 1 in Dodging
  1577 | D:2      | Found Sezukoh's Antique Armour Boutique.
  1631 | D:2      | Found Ycriopt's Magic Scroll Shop.
  1695 | D:2      | Found Eme Isch's Weapon Boutique.
  1961 | D:2      | Found a runed translucent door.
  1962 | D:2      | Noticed Crazy Yiuf
  2302 | D:2      | Killed Crazy Yiuf
  2303 | D:2      | Reached skill level 4 in Armour
  2303 | D:2      | Reached XP level 5. HP: 8/33 MP: 5/5
  3132 | D:3      | Found a hide-covered altar of Uskayaw.
  3132 | D:3      | Found an ornate altar of the Wu Jian Council.
  3133 | D:3      | Found a burning altar of Makhleb.
  3134 | D:3      | Found a stormy altar of Qazlal.
  3135 | D:3      | Found an ancient bone altar of Kikubaaqudgha.
  3136 | D:3      | Found a glowing silver altar of Zin.
  3429 | D:4      | Found a white marble altar of Elyvilon.
  4194 | D:3      | HP: 1/33 [orc/+1 flail of protection (7)]
  4194 | D:3      | Slain by an orc wizard

Illustrated notes

Levels and vault maps discovered:
D:1:      dpeg_arrival_morbid_curiosity, layout_basic,
          shapermc_ecumenical_altar_gd
D:2:      layout_loops_ring, serial_shops, shop, shop, shop,
          nicolae_shop_bloodbath_and_beyond, nicolae_shop_overgrown_old_shop,
          kennysheep_donut, uniq_crazy_yiuf_cottage
D:3:      layout_loops_ring, grunt_temple_overflow_open
D:4:      layout_loops_corners, elyvilon_altar_5, roderic_roman_lattice

Skill      XL: |  1  2  3  4 |
---------------+-------------+-----
Maces & Flails | 3 |  3.6
Dodging        | 1 |  1.7
Armour         | 4 |  4.3
Fighting       | |  3.9
Shields        | |  3.9

Action                   |  1- 3 |  4- 6 || total
-------------------------+-------+-------++-------
Melee: Flail             |   122 |    57 ||   179
       Mace              |       |   106 ||   106
  Use: Scroll            |     3 |     4 ||     7
       Potion            |       |     4 ||     4
Armor: Scale mail        |   102 |    89 ||   191
Dodge: Dodged            |    84 |    98 ||   182
Block: Buckler           |    35 |    42 ||    77
